 Dungeon Crawl Stone Soup version 0.28.0-43-g3370ac3207 (webtiles) character file.

Game seed: 1066934069253567914

21 styxcanada the Sneak (level 2, -2/15 HPs)
             Began as a Spriggan Brigand on Mar 29, 2022.
             Slain by a gnoll
             ... wielding a +0 spear
              (5 damage)
             ... on level 1 of the Dungeon.
             The game lasted 00:02:11 (456 turns).

styxcanada the Sneak (Spriggan Brigand)              Turns: 456, Time: 00:02:11

Health: -2/15      AC:  3    Str:  7    XL:     2   Next: 62%
Magic:  3/3        EV: 16    Int: 12    God:
Gold:   17         SH:  0    Dex: 16    Spells: 1/1 levels left

rFire   . . .      SeeInvis +   a - +2 dagger
rCold   . . .      Faith    .   (no shield)
rNeg    . . .      Spirit   .   b - +0 robe
rPois   .          Reflect  .   (helmet restricted)
rElec   .          Harm     .   c - +0 cloak
rCorr   .          Rampage  .   (gloves unavailable)
Will    .....                   (boots unavailable)
Stlth   +++.......              (no amulet)
HPRegen 0.05/turn               (no ring)
MPRegen 0.08/turn               (no ring)

@: very quick
A: very small, no large weapons, unfitting armour, see invisible, speed 3
a: no special abilities


You were on level 1 of the Dungeon.
You visited 1 branch of the dungeon, and saw 1 of its levels.

You collected 17 gold pieces.

Inventory:

Hand Weapons
 a - a +2 dagger (weapon)
Missiles
 d - 7 poisoned darts (quivered)
 e - 2 curare-tipped darts
Armour
 b - a +0 robe (worn)
 c - a +0 cloak (worn)


   Skills:
 * Level 1.6 Fighting
 + Level 2.2 Short Blades
 + Level 2.1 Throwing
 * Level 1.7 Dodging
 * Level 6.8 Stealth


You had one spell level left.
You didn't know any spells.
Your spell library was empty.

Dungeon Overview and Level Annotations

Branches:
Dungeon (1/15)

Altars:


Innate Abilities, Weirdness & Mutations

You are very small and have problems with some larger weapons.
You are too small for most types of armour.
You have supernaturally acute eyesight. (SInv)
You cover ground extremely quickly. (Speed+++)


Message History

You see here a frilled lizard corpse.
Okay, then.
Annotate which branch? (. - D:1, ? - help, ! - show branch list)
Okay, then.
You aren't carrying any scrolls.
Your movement speed is very quick.
Your attack delay is about 0.8.
Annotate which branch? (. - D:1, ? - help, ! - show branch list)
Okay, then.
You aren't carrying any potions.
A gnoll comes into view. It is wielding a +0 spear.
Found 19 bolts.
A ball python comes into view.
A bat comes into view.
The bat barely misses you.
The gnoll shouts!
You hit the gnoll but do no damage. The bat misses you. The gnoll misses you.
You hit the gnoll.
The gnoll is lightly wounded.
The bat hits you but does no damage. The gnoll hits you with a +0 spear.
An endoplasm comes into view.
The bat barely misses you. The gnoll closely misses you.
You barely miss the bat. The bat hits you.
The ball python bites you but does no damage.
The ball python closely misses you.
You hit the bat.
The bat is heavily wounded.
The bat closely misses you. The bat closely misses you.
You miss the bat.
The bat is heavily wounded.
The bat barely misses you. The gnoll barely misses you.
You closely miss the bat.
The bat is heavily wounded.
The bat completely misses you. x2
The gnoll hits you from afar with a +0 spear.
* * * LOW HITPOINT WARNING * * *
You hit the bat.
You kill the bat!
The gnoll hits you from afar with a +0 spear.
You die...

.# .# ##.#### .# ..
.#... .# # . #...# .##
.#. #...# ..# #.# #.J(#
.###########.# #...#
.#§≈≈≈≈≈≈§≈#.#### #...#
..........§§....###J..##
.#≈≈≈≈≈≈≈≈≈####.@†gS...#
############ #.###...#.#
#......###.# #.###.#.#
## #.# ..##.# ..##.## .#
#####. # #. #.


You could see a gnoll, an endoplasm and a ball python.

Vanquished Creatures
  A gnoll (D:1)
  A bat (D:1)
  A giant cockroach (D:1)
  2 hobgoblins (D:1)
  3 jackals (D:1)
  A ball python (D:1)
  2 frilled lizards (D:1)
11 creatures vanquished.

Notes
Turn   | Place    | Note
-------+----------+-------------------------------------------
     0 | D:1      | styxcanada the Spriggan Brigand began the quest for the
                  | Orb.
     0 | D:1      | Reached XP level 1. HP: 10/10 MP: 2/2
    12 | D:1      | Reached skill level 6 in Stealth
    25 | D:1      | Reached XP level 2. HP: 15/15 MP: 3/3
   456 | D:1      | Slain by a gnoll

Illustrated notes

Levels and vault maps discovered:
D:1:      scummos_arrival_star, layout_loops_ring,
          shapermc_ecumenical_altar_ellora, amcnicky_mini_rare_corridor_liquid

Skill      XL: |  1 |
---------------+----+-----
Stealth        | 6 |  6.8
Fighting       | |  1.6
Short Blades   | |  2.2
Throwing       | |  2.1
Dodging        | |  1.7

Action                   || total
-------------------------++-------
Melee: Dagger            ||    33
Throw: Dart              ||     6
 Stab: Sleeping          ||     3
Armor: Robe              ||     3
Dodge: Dodged            ||    32
